 Dungeon Crawl Stone Soup version 0.28.0-47-ge53b351184 (webtiles) character file.

Game seed: 11738586903457932530

168 Bruhh the Magician (level 5, -5/37 HPs)
             Began as a Djinni Transmuter on Apr 27, 2022.
             Killed by nerve-wracking pain
             ... invoked by Menkaure
              (10 damage)
             ... on level 4 of the Dungeon.
             The game lasted 00:11:33 (6039 turns).

Bruhh the Magician (Djinni Transmuter)              Turns: 6039, Time: 00:11:33

Health: -5/37      AC:  2    Str:  9    XL:     5   Next: 78%
Gold:   56         EV: 19    Int: 16    God:
                   SH:  0    Dex: 19

rFire   . . .      SeeInvis .     - Unarmed
rCold   . . .      Faith    .   (shield currently unavailable)
rNeg    . . .      Spirit   .   (armour currently unavailable)
rPois   ∞          Reflect  .   (helmet currently unavailable)
rElec   .          Harm     .   (cloak currently unavailable)
rCorr   .          Rampage  .   (gloves currently unavailable)
Will    +....                   (boots unavailable)
Stlth   ++........              (no amulet)
HPRegen 0.12/turn               j - ring of willpower
MPRegen 0.00/turn               (no ring)

@: spider-form, flying
A: venomous fangs, flying, sickness immunity, tiny, (fire resistance 2), (cold
vulnerability 1), float, innate caster, HP casting, extra vitality 1
a: End Transformation


You were on level 4 of the Dungeon.
You were a venomous arachnid creature.
You visited 1 branch of the dungeon, and saw 4 of its levels.

You collected 56 gold pieces.

Inventory:

Armour
 a - a +0 robe (melded)
Jewellery
 j - a ring of willpower (left front leg)
 l - an amulet of faith
Scrolls
 b - 5 scrolls of identify {unknown}
 c - a scroll of torment {unknown}
 e - a scroll of brand weapon {unknown}
 f - a scroll of noise {unknown}
 g - 2 scrolls of teleportation {unknown}
 k - a scroll of magic mapping {unknown}
Potions
 d - a potion of mutation {unknown}
 h - 3 potions of curing {unknown}
 i - a potion of flight {unknown}


   Skills:
 - Level 1.0 Fighting
 - Level 2.1 Dodging
 - Level 3.0 Unarmed Combat
 + Level 4.2 Spellcasting


You couldn't memorise any spells.
You knew the following spells:

 Your Spells              Type           Power      Damage    Failure   Level
a - Beastly Appendage     Tmut           34%        N/A       11%         1
b - Wereblood             Tmut           17%        N/A       13%         2
c - Spider Form           Tmut/Pois      17%        N/A       22%         3
d - Ice Form              Ice/Tmut       17%        N/A       50%         4
e - Animate Skeleton      Necr           34%        N/A       11%         1
f - Searing Ray           Conj           34%        2d5       13%         2
Your spell library was empty.

Dungeon Overview and Level Annotations

Branches:
Dungeon (4/15)
 Temple: D:4-7

Altars:

Annotations:
D:4 Menkaure


Innate Abilities, Weirdness & Mutations

You are a venomous arachnid creature.
You have poisonous fangs.
You are tiny and dextrous.
You are flying.
Your spellcasting is less reliable in this form.
Your armour is entirely melded.
You are incapable of wielding weapons or throwing items.
You are immune to sickness and miasma.
You are immune to poison.
((Your flesh is very heat resistant. (rF++)))
((You are vulnerable to cold. (rC-)))
You float through the air rather than walking.
You learn spells naturally, not from books.
Your magical power is your life essence.
You have superior vitality. (+4 MHP)


Message History

The hobgoblin closely misses you.
You hit the hobgoblin.
The hobgoblin is poisoned.
The hobgoblin is moderately wounded.
The hobgoblin closely misses you.
You hit the hobgoblin.
You kill the hobgoblin!
No target in view!
No target in view!
Key pressed, stopping explore.
Your transformation is almost over.
Key pressed, stopping explore.
Key pressed, stopping explore.
Key pressed, stopping explore.
Key pressed, stopping explore.
Your transformation has ended.
Your +0 robe unmelds from your body.
Menkaure, Prince of Dust comes into view.
Menkaure shouts!
Menkaure gestures wildly while chanting.
Menkaure seems to speed up.
Menkaure is nearby!
Menkaure is nearby!
Menkaure is nearby!
You turn into a venomous arachnid creature.
Your +0 robe melds into your body.
Menkaure calls on the powers of darkness!
Your body is wracked with pain!
You are too injured to fight recklessly!
You are too injured to fight recklessly!
You are too injured to fight recklessly!
You are too injured to fight recklessly!
Menkaure calls on the powers of darkness!
Your body is wracked with pain!
* * * LOW HITPOINT WARNING * * *
Menkaure points at you and mumbles some strange words.
Pain shoots through your body!
* * * LOW HITPOINT WARNING * * *
Menkaure casts a spell at you. Pain shoots through your body!
You die...

#.......†......#.....###
#......######..#.[.....#
#......# #..#.......#
#......# #..........#
#......######..........#
#...........#....##.#..###
#......####.#....##.#....#
.<.##...# #.#.....#.#.##.#
### ##### #.#..s>.#.#....#
#.#.....#.#..###
#.......#.#....##
#.M.............#
#######.##............#
#.......####.#........#
#.####### #.####.##### #..
..# #### ###


You could see Menkaure (fast).

Vanquished Creatures
  A hound skeleton (D:4)
  6 adders
  A shadow imp (D:3)
  An ufetubus (D:4)
  3 worms
  3 dart slugs
  An orc (D:3)
  4 ball pythons
  7 endoplasms
  3 giant cockroaches
  6 goblins
  11 hobgoblins
  2 quokkas
  7 bats
  4 frilled lizards
  5 kobolds
  8 rats
73 creatures vanquished.

Notes
Turn   | Place    | Note
-------+----------+-------------------------------------------
     0 | D:1      | Bruhh the Djinni Transmuter began the quest for the Orb.
     0 | D:1      | Reached XP level 1. HP: 17/17 MP: 0/0
   182 | D:1      | Reached skill level 2 in Spellcasting
   450 | D:1      | Reached XP level 2. HP: 17/22 MP: 0/0
  1014 | D:1      | Reached XP level 3. HP: 15/27 MP: 0/0
  1014 | D:1      | Learned a level 1 spell: Animate Skeleton
  2878 | D:2      | Reached skill level 3 in Spellcasting
  2938 | D:2      | Reached XP level 4. HP: 27/32 MP: 0/0
  3492 | D:2      | Found a faded altar of an unknown god.
  3891 | D:3      | Reached XP level 5. HP: 29/37 MP: 0/0
  3891 | D:3      | Learned a level 2 spell: Searing Ray
  4844 | D:3      | Reached skill level 4 in Spellcasting
  6032 | D:4      | Noticed Menkaure
  6039 | D:4      | Killed from afar by Menkaure

Illustrated notes

Levels and vault maps discovered:
D:1:      nzn_arrival_water_spiral, layout_basic
D:2:      layout_basic, basic_ecumenical_altar
D:3:      layout_loops_ring
D:4:      layout_basic, uniq_menkaure, uniq_edmund

Skill      XL: |  1  2  3  4  5 |
---------------+----------------+-----
Spellcasting   | 2 3 4 |  4.2
Fighting       | |  1.0
Dodging        | |  2.1
Unarmed Combat | |  3.0

Action                   |  1- 3 |  4- 6 || total
-------------------------+-------+-------++-------
Melee: Unarmed           |   113 |   102 ||   215
       Headbutt          |     4 |       ||     4
       Punch             |     2 |     1 ||     3
 Cast: Beastly Appendage |    16 |     5 ||    21
       Spider Form       |    10 |    27 ||    37
       Animate Skeleton  |     4 |       ||     4
       Wereblood         |     1 |       ||     1
 Stab: Sleeping          |     1 |     1 ||     2
       Distracted        |     1 |       ||     1
Armor: Robe              |    14 |     4 ||    18
       Skin              |       |     6 ||     6
Dodge: Dodged            |    80 |    87 ||   167
